AoeStats
← viktor_uebelhart

Arabia

508951559Analyzed
1v1 RM · 6d ago on Sep 24, 2026· 16m 41s· 2 players
Game mode
Random Map
Map size
Tiny (2 player)
Population
200
Speed
Normal
Resources
Standard
Victory
Conquest
Starting age
Dark Age
Ending age
Imperial Age
RankedLock teamsTeams togetherTeam positionsShared explorationLock speedFull tech treeHidden civsTurbo modeCheats
Victory
Defeat
🇧🇷 Romans · Brazil
941
+15
🇬🇧 Danes · United Kingdom
916
-15
Moist Travelodge
11:16 Feudal Age
14:37 Man-at-Arms
viktor_uebelhart
6:33 Loom
9:44 Feudal Age
11:27 Double-Bit Axe
11:21 Man-at-Arms
12:02 Scale Mail Armor
15:14 Forging
Connection lost

Rejoining the realm…

Still unreachable

The connection could not be restored.

Session expired

The server has moved on; the page needs a fresh start.